 Dungeon Crawl Stone Soup version 0.20.1-1-g8b1a95d (webtiles) character file.

119134 vishdafish the Corrupter of Planes (level 16, -1/125 HPs)
             Began as a Demonspawn Fighter on July 3, 2017.
             Was the Champion of Lugonu.
             Killed by the air
             ... invoked by a blizzard demon
              (16 damage)
             ... on level 1 of the Abyss.
             The game lasted 01:26:13 (28828 turns).

vishdafish the Corrupter of Planes (DsFi)          Turns: 28828, Time: 01:26:14

Health: -1/125     AC: 25    Str: 30 (31) XL:     16   Next: 27%
Magic:  21/26      EV: 17    Int:  7      God:    Lugonu [******]
Gold:   2790       SH: 15    Dex: 17      Spells: 15/15 levels left

rFire    + . .     SeeInvis +   V - +7 demon trident (vamp)
rCold    + . .     Gourm    +   c - +2 shield
rNeg     + . .     Faith    .   O - +6 plate armour "Ashiuc" {Str+3}
rPois    +         Spirit   .   (helmet unavailable)
rElec    .         Reflect  .   (no cloak)
rCorr    .         Harm     .   i - +2 pair of gloves {Dex+3}
MR       +....                  (no boots)
Stlth    ..........             W - amulet of Megalomania {Gourm Stlth+}
Regen    0.3/turn               U - ring of Irphoizun {rC+ Dex+2 Slay+2}
MPRegen  0.2/turn               d - ring of Puanur {rPois Str+6 Int-3}

@: about to teleport, studying Short Blades, repel missiles
A: antennae 3, repulsion field 3, demonic guardian 1, deterioration 1, dopey 1,
fire resistance 1, negative energy resistance 1, sense surroundings 1, evolution
1, flame cloud immunity
a: Depart the Abyss, Bend Space, Banish, Corrupt, Enter the Abyss, Brand Weapon
With Distortion, Renounce Religion


You were on level 1 of the Abyss.
You worshipped Lugonu.
Lugonu was exalted by your worship.
You were very hungry.

You visited 6 branches of the dungeon, and saw 26 of its levels.
You visited the Abyss 2 times.
You also visited: Labyrinth, Sewer, Ossuary, Bailey and Ice Cave.

You collected 3118 gold pieces.
You spent 328 gold pieces at shops.

Inventory:

Hand Weapons
 V - a +7 vampiric demon trident (weapon)
Armour
 c - a +2 shield (worn)
 i - a +2 pair of gloves of dexterity (worn)
 t - a +0 crystal plate armour
 J - a +2 hat of magic resistance
 O - the +6 plate armour "Ashiuc" (worn) {Str+3}
   (You acquired it on level 14 of the Dungeon)

   It affects your strength (+3).
Jewellery
 d - the ring of Puanur (right hand) {rPois Str+6 Int-3}
   (You found it on level 4 of the Dungeon)

   [ring of poison resistance]

   It affects your strength (+6).
   It affects your intelligence (-3).
   It protects you from poison.
 n - an uncursed ring of resist corrosion
 U - the ring of Irphoizun (left hand) {rC+ Dex+2 Slay+2}
   (You took it off a minotaur in a labyrinth)

   [ring of protection from cold]

   It affects your dexterity (+2).
   It affects your accuracy and damage with ranged weapons and melee attacks
   (+2).
   It protects you from cold.
 W - the amulet of Megalomania (around neck) {Gourm Stlth+}
   (You found it on level 6 of the Lair of Beasts)

   [amulet of the gourmand]

   It allows you to eat raw meat even when not hungry.
   It makes you more stealthy.
Wands
 a - a wand of digging (10/24)
 F - a wand of digging (10/24)
 G - a wand of disintegration (4/24)
 P - a wand of flame (33/48)
 Y - a wand of enslavement (6/24)
Scrolls
 j - 13 scrolls of teleportation
 k - 11 scrolls of remove curse
 o - 3 scrolls of immolation
 r - 3 scrolls of silence
 s - 3 scrolls of magic mapping
 u - 2 scrolls of torment
 x - 7 scrolls of recharging {unknown}
 y - a scroll of fear
 z - 3 scrolls of enchant armour {unknown}
 D - 4 scrolls of fog
 I - 2 scrolls of blinking {unknown}
 M - a scroll of brand weapon
 R - 4 scrolls of amnesia {unknown}
 T - a scroll of vulnerability
Potions
 e - 11 potions of curing
 l - 5 potions of ambrosia
 m - 2 potions of magic
 p - 2 potions of brilliance
 w - 7 potions of agility
 A - 2 potions of resistance
 C - a potion of invisibility
 E - 4 potions of flight
 K - a potion of heal wounds
 L - a potion of lignification
 Q - 3 potions of haste
 S - 2 potions of berserk rage
Books
 v - a book of Changes

   Spells                             Type                      Level
   a - Beastly Appendage              Transmutation                1
   b - Sticks to Snakes               Transmutation                2
   c - Spider Form                    Transmutation/Poison         3
   d - Ice Form                       Ice/Transmutation            4
   e - Blade Hands                    Transmutation                5
 H - a manual of Short Blades
 X - the Grimoire of Boosts
   (You found it in a labyrinth)

   Spells                             Type                      Level
   a - Infusion                       Charms                       1
   b - Song of Slaying                Charms                       2
   c - Ozocubu's Armour               Charms/Ice                   3
   d - Regeneration                   Charms/Necromancy            3
   e - Iskenderun's Battlesphere      Conjuration/Charms           5
   f - Ring of Flames                 Charms/Fire                  7
 Z - a book of Party Tricks

   Spells                             Type                      Level
   a - Summon Butterflies             Summoning                    1
   b - Apportation                    Translocation                1
   c - Lesser Beckoning               Translocation                3
   d - Tukima's Dance                 Hexes                        3
   e - Alistair's Intoxication        Transmutation/Poison         5
   f - Invisibility                   Hexes                        6
Miscellaneous
 b - a lightning rod (2/4)
 q - a phantom mirror
 B - 2 boxes of beasts
Comestibles
 f - 21 bread rations
 g - a meat ration
 h - 5 royal jellies
 N - 19 fruits


   Skills:
 + Level 11.0 Fighting
 * Level 14.3 Polearms
 * Level 12.2 Armour
 + Level 9.7 Dodging
 - Level 1.0 Stealth
 + Level 10.6 Shields
 * Level 14.6 Invocations


You had 15 spell levels left.
You didn't know any spells.

Dungeon Overview and Level Annotations

Branches:
Dungeon (15/15)            Temple (1/1) D:4            Lair (6/6) D:11
  Swamp (0/4) Lair:3        Snake (0/4) Lair:4        Slime (0/5) Lair:5
    Orc (2/2) D:12            Elf (1/3) Orc:2        Vaults (0/5) D:14
 Depths (1/5) D:15

Altars:
Cheibriados
Dithmenos
Fedhas
Gozag
Hepliaklqana
Kikubaaqudgha
Makhleb
Qazlal
Ru
Sif Muna
Trog
Uskayaw
Xom
Yredelemnul
Zin
The Shining One
Jiyva
Lugonu

Shops:
D:6 !   D:11 !   Orc:2 (:[::


Innate Abilities, Weirdness & Mutations

You have a pair of large antennae on your head. (SInv)
You are surrounded by a strong repulsion field. (EV +4, RMsl)
A weak demonic guardian rushes to your aid.
Your flesh is heat resistant. (rF+)
You resist negative energy. (rN+)
You are immune to clouds of flame.
Your body sometimes deteriorates upon taking damage.
You are dopey. (Int -2)
You passively map a small area around you.
You evolve.


Message History

The blizzard demon shouts!
The blizzard demon moves out of view.
Your shadow imp hits the blizzard demon but does no damage.
The blizzard demon gestures at you. The bolt of cold hits your shadow imp.
Your shadow imp resists.
The bolt of cold hits you! You resist.
* * * LOW HITPOINT WARNING * * *
The blizzard demon gestures at you.
The freezing blast engulfs your shadow imp.
Your shadow imp resists.
Your shadow imp is engulfed in freezing vapours.
Your shadow imp dies!
The blizzard demon is engulfed in freezing vapours.
The blizzard demon is engulfed in freezing vapours.
The blizzard demon is engulfed in freezing vapours.
The blizzard demon is engulfed in freezing vapours.
The blizzard demon waves its arms in wide circles.
The air twists around and strikes you!
You die...

.##### #
.#.§§§########
..#§§§§2...5.##
....#§#§#.#@..#
# ###'##.∩#
..#...#
##.##.∩# ..#
...# {... ##.#
... ##.


You could see a blizzard demon and a friendly white imp.

Vanquished Creatures
  Rupert (Lair:6)
  Asterion (Depths:1)
  Gastronok (Lair:3)
  A sphinx (D:15)
  2 frost giants (Depths:1)
  Azrael (D:15)
  The ghost of ZomBoFoB the Bludgeoner, a journeyman OgGl of the Shining One (D:12)
  Nessos (D:13)
  An ettin (D:15)
  A minotaur (Lab)
  Josephine (Orc:2)
  The ghost of Exporg the Basher, a journeyman MiFi of the Shining One (D:12)
  Harold (D:11)
  8 hydras
  3 centaur warriors
  A merfolk avatar (Lair:6)
  4 ogre magi
  2 dancing weapons (D:14)
  4 death yaks (Lair:6)
  3 tengu warriors
  13 two-headed ogres
  2 deep troll earth magi
  A vampire mage (D:15)
  2 deep troll shamans
  3 orc high priests (Orc:2)
  Sonja (Lair:3)
  4 skeletal warriors (D:12)
  An iron troll (D:15)
  A fire crab (Orc:1)
  3 hell knights
  2 deep trolls (D:15)
  A sea snake (Lair:6)
  2 lindwurms
  3 unseen horrors
  2 harpies (Lair:6)
  7 orc knights
  A necromancer (Abyss:2)
  8 ugly things
  6 orc sorcerers
  An oklob plant (Orc:2)
  2 manticores
  A deep elf mage (D:15)
  8 elephants
  2 cyclopes (D:12)
  2 black mambas
  A torpor snail (Lair:6)
  A smoke demon (Abyss:2)
  5 gargoyles
  7 spiny frogs
  10 rime drakes
  A rime drake (shapeshifter) (D:15)
  7 komodo dragons
  3 efreet
  A yaktaur (D:12)
  2 ancient zymes (Abyss:2)
  6 polar bears
  3 trolls
  A wind drake (Lair:6)
  13 dream sheep
  6 hippogriffs
  2 slime creatures
  2 small abominations (Abyss:2)
  13 blink frogs
  5 flying skulls (Abyss:2)
  An air elemental (Abyss:2)
  A spriggan (D:7)
  5 wraiths
  A shadow (Lab)
  3 ynoxinuls (Abyss:2)
  2 vampires
  44 yaks
  Sigmund (D:3)
  3 water elementals (D:14)
  7 wyverns
  A fire elemental (D:15)
  3 large abominations (Abyss:2)
  A basilisk (D:12)
  9 steam dragons
  A vampire mosquito (D:12)
  A warg (Orc:1)
  An acid dragon (D:12)
  A naga (Lair:4)
  25 water moccasins
  9 porcupines
  5 hell hounds (D:15)
  3 sky beasts
  29 orc warriors
  2 black bears (D:11)
  7 ice beasts
  2 phantoms
  16 ogres
  3 centaurs
  A necrophage (D:10)
  6 crocodiles
  9 big kobolds
  An earth elemental (Abyss:2)
  6 gnoll sergeants
  10 bullfrogs
  A water moccasin zombie (D:10)
  3 wyvern skeletons
  9 scorpions
  18 killer bees
  The ghost of KleinerIrrer the Ruffian, a weakling NaTm (D:3)
  10 wights
  8 howler monkeys
  3 electric eels
  6 crimson imps
  3 centaur zombies
  7 starcursed masses (Abyss:2)
  11 hounds
  5 bullfrog skeletons
  3 bullfrog zombies
  11 orc priests
  A gnoll shaman (D:6)
  2 jellies (D:12)
  21 orc wizards
  5 iguanas
  3 centaur skeletons
  4 worker ants
  3 big kobold zombies (Ossuary)
  A hound zombie (D:8)
  An ogre skeleton (Lab)
  4 mummies
  3 worker ant zombies
  2 howler monkey zombies
  8 gnolls
  4 scorpion zombies (Ossuary)
  6 adders
  A river rat (Sewer)
  3 shadow imps
  2 white imps (D:9)
  An ooze (D:3)
  3 adder zombies
  2 adder skeletons
  9 leopard geckos
  70 orcs
  8 giant cockroaches
  2 gnoll zombies (Ossuary)
  8 goblins
  6 hobgoblins
  11 jackals
  9 quokkas
  2 ball pythons
  4 bats
  7 frilled lizards
  3 goblin zombies (Ossuary)
  2 jackal zombies
  23 kobolds
  A kobold zombie (Ossuary)
  2 orc zombies (Ossuary)
  A quokka skeleton (D:7)
  28 rats
802 creatures vanquished.

Vanquished Creatures (collateral kills)
  An elephant (Lair:6)
  2 spiny frogs
  2 rime drakes (Lair:6)
  2 blink frogs
  A dream sheep (Lair:6)
  A spriggan (Lair:1)
  3 yaks
  A hornet zombie (D:11)
  A sky beast (D:7)
  A necrophage (D:11)
  2 ogres (D:12)
  A jelly (D:11)
  A howler monkey (D:11)
  2 hounds
  An orc wizard (Orc:2)
  A gnoll (D:6)
  An adder (D:4)
  A leopard gecko (D:11)
  4 orcs
  2 hobgoblins (D:6)
  A jackal (Sewer)
  4 kobolds
36 creatures vanquished.

Vanquished Creatures (others)
  An unseen horror (D:12)
  A black bear (D:8)
  A killer bee (D:8)
  An orc priest (Orc:2)
  2 orc wizards (Orc:2)
  An iguana (D:8)
  A worker ant (D:8)
  A leopard gecko (D:8)
  2 orcs (Orc:2)
  A ball python (D:8)
  An orc zombie (Ossuary)
  A quokka skeleton (D:8)
  12 fungi
  A lurking horror (Abyss:2)
  8 plants
35 creatures vanquished.

Grand Total: 873 creatures vanquished

Notes
Turn   | Place    | Note
-------+----------+-------------------------------------------
     0 | D:1      | vishdafish the Demonspawn Fighter began the quest for the Orb.
     0 | D:1      | Reached XP level 1. HP: 18/18 MP: 1/1
   453 | D:1      | Gained mutation: You are surrounded by a mild repulsion field. (EV +2) [demonic ancestry]
   453 | D:1      | Reached XP level 2. HP: 22/24 MP: 2/2
  1342 | D:2      | Reached XP level 3. HP: 29/29 MP: 3/3
  1382 | D:2      | Found a faded altar of an unknown god.
  1746 | D:2      | Became a worshipper of Lugonu the Unformed
  1746 | D:2      | Reached * piety under Lugonu
  1746 | D:2      | Reached ** piety under Lugonu
  2065 | D:3      | Reached *** piety under Lugonu
  2065 | D:3      | Gained mutation: You have a pair of small antennae on your head. [demonic ancestry]
  2065 | D:3      | Reached XP level 4. HP: 22/35 MP: 4/4
  2272 | D:3      | Noticed KleinerIrrer's ghost (weakling NaTm)
  2284 | D:3      | Killed KleinerIrrer's ghost
  2303 | D:3      | Noticed Sigmund
  2315 | D:3      | Killed Sigmund
  2315 | D:3      | Reached skill level 1 in Dodging
  2315 | D:3      | Reached XP level 5. HP: 38/42 MP: 5/5
  2755 | D:3      | Gained mutation: You are surrounded by a moderate repulsion field. (EV +3) [demonic ancestry]
  2755 | D:3      | Reached XP level 6. HP: 48/48 MP: 6/6
  2840 | D:4      | Found a snail-covered altar of Cheibriados.
  3138 | D:4      | Got a steaming steel ring
  3302 | D:4      | Reached skill level 5 in Polearms
  3344 | D:4      | Found a sand-covered staircase.
  3367 | Ossuary  | Entered an ossuary
  3411 | Ossuary  | Reached XP level 7. HP: 46/53 MP: 7/7
  4387 | Ossuary  | Gained mutation: A weak demonic guardian rushes to your aid. [demonic ancestry]
  4387 | Ossuary  | Reached XP level 8. HP: 37/60 MP: 8/8
  4702 | Ossuary  | Identified the ring of Puanur {rPois Str+6 Int-3} (You found it on level 4 of the Dungeon)
  5127 | D:4      | Found a staircase to the Ecumenical Temple.
  5137 | Temple   | Entered the Ecumenical Temple
  5500 | D:5      | Entered Level 5 of the Dungeon
  5872 | D:5      | Reached **** piety under Lugonu
  6302 | D:6      | Found Rachyff's Distillery.
  6308 | D:6      | Bought a potion of magic for 112 gold pieces
  6308 | D:6      | Bought a potion of heal wounds for 70 gold pieces
  6308 | D:6      | Bought a potion of flight for 42 gold pieces
  6416 | D:6      | Found a glowing drain.
  6423 | Sewer    | Entered a sewer
  6499 | Sewer    | Reached skill level 1 in Stealth
  6520 | Sewer    | Found a glowing silver altar of Zin.
  6838 | D:6      | Reached skill level 5 in Fighting
  6905 | D:6      | Reached skill level 5 in Shields
  6952 | D:7      | Gained mutation: You are weak. (Str -2) [potion of mutation]
  6952 | D:7      | Gained mutation: You do not regenerate when monsters are visible. [potion of mutation]
  6952 | D:7      | Gained mutation: You have sharp toenails. [potion of mutation]
  6952 | D:7      | Gained mutation: You are somewhat resistant to further mutation. [potion of mutation]
  6953 | D:7      | Lost mutation: You are weak. (Str -2) [potion of mutation]
  6953 | D:7      | Lost mutation: You have sharp toenails. [potion of mutation]
  6953 | D:7      | Lost mutation: You do not regenerate when monsters are visible. [potion of mutation]
  6953 | D:7      | Lost mutation: You are somewhat resistant to further mutation. [potion of mutation]
  6953 | D:7      | Gained mutation: Your mind is acute. (Int +2) [potion of mutation]
  6953 | D:7      | Gained mutation: You have sharp toenails. [potion of mutation]
  6954 | D:7      | Lost mutation: Your mind is acute. (Int +2) [potion of mutation]
  6954 | D:7      | Lost mutation: You have sharp toenails. [potion of mutation]
  6954 | D:7      | Gained mutation: You are resistant to hostile enchantments. (MR+) [potion of mutation]
  6954 | D:7      | Gained mutation: You are robust. (+10% HP) [potion of mutation]
  6955 | D:7      | Gained mutation: You are highly resistant to hostile enchantments. (MR++) [mutagenic meat]
  7176 | D:7      | Reached XP level 9. HP: 62/74 MP: 9/9
  7355 | D:6      | Reached ***** piety under Lugonu
  8143 | D:7      | Reached skill level 5 in Armour
  8655 | D:8      | Found a shimmering altar of Xom.
  8793 | D:8      | Noticed a two-headed ogre
  8800 | D:8      | Killed a two-headed ogre
  9036 | D:8      | Gained mutation: You are surrounded by a strong repulsion field. (EV +4, RMsl) [demonic ancestry]
  9036 | D:8      | Reached XP level 10. HP: 83/83 MP: 10/10
  9262 | D:9      | Noticed a dagger
  9263 | D:9      | Found a hide-covered altar of Uskayaw.
  9264 | D:9      | Noticed a dagger
  9315 | D:9      | Found a flagged portal.
  9331 | Bailey   | Entered a bailey
  9482 | Bailey   | Noticed an orc knight
  9650 | Bailey   | Killed an orc knight
 10118 | D:10     | Entered Level 10 of the Dungeon
 10163 | D:10     | Killed an unseen horror
 10357 | D:10     | Reached skill level 5 in Dodging
 10529 | D:10     | Noticed a two-headed ogre
 10543 | D:10     | Killed a two-headed ogre
 10543 | D:10     | Reached skill level 10 in Polearms
 10844 | D:10     | Noticed a two-headed ogre
 10867 | D:10     | Killed a two-headed ogre
 10867 | D:10     | Gained mutation: Your flesh is heat resistant. (rF+) [demonic ancestry]
 10867 | D:10     | Reached XP level 11. HP: 40/92 MP: 11/11
 10883 | D:10     | Reached ****** piety under Lugonu
 11267 | D:11     | Found a staircase to the Lair.
 11384 | D:11     | Noticed a two-headed ogre
 11392 | D:11     | Killed a two-headed ogre
 11465 | D:11     | Killed an unseen horror
 11789 | D:11     | Found Hamamoj's Distillery.
 11797 | D:11     | Bought a potion of heal wounds for 65 gold pieces
 11797 | D:11     | Bought a potion of lignification for 39 gold pieces
 11945 | D:11     | Noticed a brown ugly thing
 11959 | D:11     | Killed a brown ugly thing
 11959 | D:11     | Reached skill level 1 in Invocations
 12036 | D:11     | Noticed a two-headed ogre
 12048 | D:11     | Killed a two-headed ogre
 12371 | D:11     | Noticed Harold
 12389 | D:11     | Killed Harold
 12427 | D:12     | Noticed an eight-headed hydra
 12937 | D:12     | Noticed Exporg's ghost (journeyman MiFi)
 13002 | Lair:1   | Entered Level 1 of the Lair of Beasts
 13315 | Lair:1   | Found a frozen archway.
 13324 | IceCv    | Entered an ice cave
 13419 | IceCv    | Noticed a white ugly thing
 13437 | IceCv    | Killed a white ugly thing
 14309 | Lair:1   | Gained mutation: You have a pair of antennae on your head. [demonic ancestry]
 14309 | Lair:1   | Reached XP level 12. HP: 101/101 MP: 15/15
 14468 | Lair:2   | Found a labyrinth entrance.
 14497 | Lab      | Entered a labyrinth
 14860 | Lab      | Noticed a minotaur
 14873 | Lab      | Killed a minotaur
 14873 | Lab      | Reached skill level 5 in Invocations
 14875 | Lab      | Got a glittering granite ring
 14881 | Lab      | Got a crystal shortbow {speed}
 14882 | Lab      | Identified the Grimoire of Boosts
 14896 | Lab      | Identified the ring of Irphoizun {rC+ Dex+2 Slay+2} (You took it off a minotaur in a labyrinth)
 14963 | Lab      | Identified the +2 shortbow of Perfectionism {speed, rF++ rC+ Str-2 Int+2} (You took it off a minotaur in a labyrinth)
 15793 | Lair:3   | Noticed Sonja
 15901 | Lair:3   | Killed Sonja
 16078 | Lair:3   | Found a staircase to the Swamp.
 16224 | Lair:3   | Noticed Gastronok
 16240 | Lair:3   | Killed Gastronok
 17100 | Lair:4   | Reached XP level 13. HP: 91/110 MP: 19/19
 17163 | Lair:4   | Found a staircase to the Snake Pit.
 18332 | Lair:5   | Found a viscous altar of Jiyva.
 18333 | Lair:5   | Found a staircase to the Slime Pits.
 19397 | Lair:6   | Entered Level 6 of the Lair of Beasts
 19416 | Lair:6   | Reached skill level 10 in Invocations
 19764 | Lair:6   | Gained mutation: You resist negative energy. (rN+) [demonic ancestry]
 19764 | Lair:6   | Reached XP level 14. HP: 85/118 MP: 21/21
 19824 | Lair:6   | Noticed Rupert
 19858 | Lair:6   | Killed Rupert
 19858 | Lair:6   | Reached skill level 10 in Armour
 20176 | Lair:6   | Got a steaming sapphire amulet
 20177 | Lair:6   | Identified the amulet of Megalomania {Gourm Stlth+} (You found it on level 6 of the Lair of Beasts)
 20781 | D:12     | Noticed ZomBoFoB's ghost (journeyman OgGl)
 20809 | D:12     | Killed ZomBoFoB's ghost
 21052 | D:12     | Found a staircase to the Orcish Mines.
 21120 | D:12     | Found a burning altar of Makhleb.
 21173 | Orc:1    | Entered Level 1 of the Orcish Mines
 21311 | Orc:1    | Reached skill level 10 in Fighting
 21407 | D:12     | Killed Exporg's ghost
 21561 | Orc:1    | Found a deep blue altar of Sif Muna.
 21956 | Orc:2    | Entered Level 2 of the Orcish Mines
 22080 | Orc:2    | Noticed Josephine
 22104 | Orc:2    | Killed Josephine
 22489 | Orc:2    | Found a staircase to the Elven Halls.
 22570 | Elf:1    | Entered Level 1 of the Elven Halls
 22573 | Orc:2    | Gained mutation: Your body sometimes deteriorates upon taking damage. [a neqoxec]
 22580 | Orc:2    | Gained mutation: You tend to lose your temper in combat. [a neqoxec]
 22731 | Orc:2    | Cast into level 2 of the Abyss (chaos spawn)
 22816 | Abyss:2  | Gained mutation: You are immune to clouds of flame. [demonic ancestry]
 22816 | Abyss:2  | Reached XP level 15. HP: 50/126 MP: 24/24
 23079 | Abyss:2  | Reached skill level 10 in Shields
 23191 | Orc:2    | Escaped the Abyss
 23193 | Orc:2    | Found Led Moismedy's Armour Shop.
 23193 | Orc:2    | Found Bulyecw's Book Emporium.
 23195 | Orc:2    | HP: 6/189 [orc high priest/divine providence (16)]
 23656 | Orc:2    | Found Sorekh's Book Shop.
 23656 | Orc:2    | Found Neyn's Book Emporium.
 24131 | Orc:2    | Found Umpu's Weapon Shop.
 25564 | D:13     | Gained mutation: You are dopey. (Int -2) [mutagenic meat]
 25638 | D:13     | Noticed Nessos
 25649 | D:13     | Killed Nessos
 26045 | D:13     | Got a smoking plate armour
 26056 | D:13     | Identified the cursed +1 plate armour of Serratol {MP+9 Int-3 Dex+5} (You found it on level 13 of the Dungeon)
 26482 | D:14     | Found a gate to the Vaults.
 26497 | D:14     | Identified 2 scrolls of acquirement
 26589 | D:14     | Got a warped hat
 26600 | D:14     | Identified the +2 hat of the Hurricane {Int+2} (You acquired it on level 14 of the Dungeon)
 26618 | D:14     | Got a twisted plate armour
 26629 | D:14     | Identified the +6 plate armour "Ashiuc" {Str+3} (You acquired it on level 14 of the Dungeon)
 27043 | D:15     | Entered Level 15 of the Dungeon
 27075 | D:15     | Noticed Azrael
 27130 | D:15     | Killed Azrael
 27237 | D:15     | Found an opulent altar of Gozag.
 27394 | D:15     | Found a staircase to the Depths.
 27481 | D:15     | Gained mutation: You are extremely resistant to the effects of hostile enchantments. (MR+++) [mutagenic meat]
 27483 | D:15     | Gained mutation: You are very dopey. (Int -4) [mutagenic meat]
 27486 | D:15     | Gained mutation: You are occasionally teleported next to monsters. [mutagenic meat]
 27487 | D:15     | Lost mutation: You are robust. (+10% HP) [mutagenic meat]
 27491 | D:15     | Lost mutation: You are occasionally teleported next to monsters. [mutagenic meat]
 27494 | D:15     | Lost mutation: You tend to lose your temper in combat. [potion of mutation]
 27494 | D:15     | Lost mutation: You are extremely resistant to the effects of hostile enchantments. (MR+++) [potion of mutation]
 27494 | D:15     | Lost mutation: Your body sometimes deteriorates upon taking damage. [potion of mutation]
 27494 | D:15     | Lost mutation: You are very dopey. (Int -4) [potion of mutation]
 27494 | D:15     | Lost mutation: You are highly resistant to hostile enchantments. (MR++) [potion of mutation]
 27494 | D:15     | Gained mutation: Armour fits poorly on your strangely shaped body. [potion of mutation]
 27494 | D:15     | Gained mutation: You passively map a small area around you. [potion of mutation]
 27495 | D:15     | Lost mutation: You are resistant to hostile enchantments. (MR+) [potion of mutation]
 27495 | D:15     | Lost mutation: Armour fits poorly on your strangely shaped body. [potion of mutation]
 27495 | D:15     | Gained mutation: Your body sometimes deteriorates upon taking damage. [potion of mutation]
 27495 | D:15     | Gained mutation: You evolve. [potion of mutation]
 27874 | D:15     | Gained mutation: You have a pair of large antennae on your head. (SInv) [demonic ancestry]
 27874 | D:15     | Reached XP level 16. HP: 124/124 MP: 26/26
 27934 | Depths:1 | Entered Level 1 of the Depths
 27947 | Depths:1 | Noticed a sphinx
 27959 | Depths:1 | Noticed Asterion
 27971 | Depths:1 | Noticed an Executioner
 27975 | D:15     | HP: 7/186 [deep troll (17)]
 28346 | D:15     | Killed a sphinx
 28648 | Depths:1 | Noticed an Executioner
 28653 | Depths:1 | Killed Asterion
 28789 | Depths:1 | Paralysed by a floating eye for 3 turns
 28828 | Abyss:1  | Killed from afar by a blizzard demon

Skill      XL: |  1  2  3  4  5  6  7  8  9 10 11 12 13 14 15 16 |
---------------+-------------------------------------------------+-----
Polearms       | 2 4 5 6 7 9 10 11 12 13 14 | 14.3
Shields        | 3 4 5 6 7 8 9 10 | 10.6
Armour         | 3 4 5 6 7 8 9 10 11 12 | 12.2
Dodging        | 1 3 4 5 6 7 8 9 |  9.7
Fighting       | 4 5 6 7 8 9 10 11 | 11.0
Stealth        | 1 |  1.0
Invocations    | 4 8 10 12 14 | 14.6

Action                   |  1- 3 |  4- 6 |  7- 9 | 10-12 | 13-15 | 16-18 || total
-------------------------+-------+-------+-------+-------+-------+-------++-------
Melee: Trident           |   236 |   102 |   702 |   774 |       |       ||  1814
       Demon trident     |       |       |       |   207 |  1795 |   120 ||  2122
Invok: Bend Space        |       |       |       |     1 |     4 |     2 ||     7
       Depart the Abyss  |       |       |       |       |     1 |       ||     1
       Enter the Abyss   |       |       |       |       |       |     1 ||     1
Evoke: Wand              |       |       |     2 |    16 |     2 |       ||    20
       Box of beasts     |       |       |       |       |     1 |       ||     1
       Lightning rod     |       |       |       |       |     1 |     1 ||     2
  Use: Scroll            |     1 |     1 |    10 |    12 |    11 |     1 ||    36
       Potion            |       |     1 |     6 |     6 |     6 |     2 ||    21
 Stab: Distracted        |       |       |     4 |     6 |    10 |     1 ||    21
       Confused          |       |       |       |     3 |       |       ||     3
       Paralysed         |       |       |       |     7 |       |       ||     7
       Sleeping          |       |       |       |       |     4 |       ||     4
  Eat: Chunk             |     4 |     4 |     9 |     7 |    23 |       ||    47
       Fruit             |       |       |     3 |       |       |       ||     3
       Meat ration       |       |       |     1 |     5 |     5 |       ||    11
       Bread ration      |       |       |     1 |       |       |       ||     1
       Royal jelly       |       |       |       |     1 |       |       ||     1
Armor: Scale mail        |   128 |    16 |   125 |   200 |   214 |       ||   683
       Plate armour      |       |       |       |       |    55 |    55 ||   110
Dodge: Dodged            |    89 |    22 |   263 |   446 |   680 |    73 ||  1573
       Deflected         |       |       |       |    18 |    26 |     5 ||    49
Block: Shield            |   118 |    31 |   300 |   451 |   724 |    91 ||  1715
